 Dungeon Crawl Stone Soup version 0.29-a0-885-gb26ba3297d (webtiles) character file.

Game seed: 11734625172990189206

5 jimonade the Sneak (level 1, 0/12 HPs)
             Began as a Kobold Brigand on July 20, 2022.
             Slain by a goblin
             ... wielding a +0 dagger
              (3 damage)
             ... on level 1 of the Dungeon.
             The game lasted 00:00:14 (169 turns).

jimonade the Sneak (Kobold Brigand)                  Turns: 169, Time: 00:00:15

Health: 0/12       AC:  3    Str:  8    XL:     1   Next: 88%
Magic:  1/1        EV: 14    Int: 12    God:
Gold:   16         SH:  0    Dex: 16    Spells: 0/0 levels left

rFire   . . .      SeeInvis .   a - +2 dagger
rCold   . . .      Faith    .   (no shield)
rNeg    . . .      Spirit   .   b - +0 robe
rPois   .          Reflect  .   (no helmet)
rElec   .          Harm     .   c - +0 cloak
rCorr   .          Rampage  .   (no gloves)
Will    .....                   (no boots)
Stlth   ++++......              (no amulet)
HPRegen 0.04/turn               (no ring)
MPRegen 0.07/turn               (no ring)

@: no status effects
A: small, no large weapons, nightstalker 3
a: no special abilities


You were on level 1 of the Dungeon.
You visited 1 branch of the dungeon, and saw 1 of its levels.

You collected 16 gold pieces.

Inventory:

Hand Weapons
 a - a +2 dagger (weapon)
Missiles
 d - 9 poisoned darts (quivered)
 e - 3 curare-tipped darts
Armour
 b - a +0 robe (worn)
 c - a +0 cloak (worn)
Scrolls
 f - a scroll of identify {unknown}


   Skills:
 + Level 2.1 Fighting
 + Level 2.6 Short Blades
 - Level 2.1 Throwing
 + Level 1.2 Dodging
 * Level 5.8 Stealth


You couldn't memorise any spells.
You didn't know any spells.
Your spell library was empty.

Dungeon Overview and Level Annotations

Branches:
Dungeon (1/15)

Altars:


Innate Abilities, Weirdness & Mutations

You are small and have problems with some larger weapons.
You are completely attuned to the shadows.


Message History

You impale the kobold!!
You kill the kobold!
The endoplasm quivers.
The kobold shouts!
The goblin hits you but does no damage.
The goblin shouts!
You hit the goblin.
The goblin is severely wounded.
You hear a shout!
The endoplasm hits you but does no damage.
The goblin closely misses you.
You hit the goblin.
You kill the goblin!
The endoplasm freezes you.
You are frozen.
You hit the goblin.
The goblin is heavily wounded.
You completely miss the goblin.
The goblin is heavily wounded.
The kobold closely misses you. The endoplasm misses you.
The goblin hits you but does no damage.
A goblin comes into view. It is wielding a +0 dagger.
The kobold attacks as you move away! The kobold hits you with a +0 dagger.
A bat comes into view.
The kobold throws a stone.
The stone hits you but does no damage. The bat closely misses you.
The bat hits you but does no damage. The bat hits you.
The kobold throws a stone.
The stone misses you.
You hit the bat.
The bat is severely wounded.
The bat hits you but does no damage. The bat misses you.
The endoplasm completely misses you. The bat completely misses you.
You miss the bat.
The bat is severely wounded.
The bat barely misses you. The bat closely misses you.
The kobold hits you with a +0 dagger. The endoplasm barely misses you.
The goblin hits you with a +0 dagger.
* * * LOW HITPOINT WARNING * * *
The goblin hits you with a +0 dagger.
You die...

≈≈. ≈≈. ≈≈.
#.......## ≈≈.
#.......$. ≈≈
#........# #..).....#
#......).#
.......Kg##.#
≈≈..(.#.##.###.J@b...
≈≈....#........g#.###
≈≈.......#......#...
≈≈.......##.....#####
..................
....#.##..........
....#............
....#...........
....+...........


You could see an endoplasm, 2 goblins, a bat and a kobold.

Vanquished Creatures
  An endoplasm (D:1)
  A goblin (D:1)
  A bat (D:1)
  A kobold (D:1)
  2 rats (D:1)
6 creatures vanquished.

Notes
Turn   | Place    | Note
-------+----------+-------------------------------------------
     0 | D:1      | jimonade the Kobold Brigand began the quest for the Orb.
     0 | D:1      | Reached XP level 1. HP: 12/12 MP: 1/1
   169 | D:1      | Slain by a goblin

Illustrated notes

Levels and vault maps discovered:
D:1:      dpeg_arrival_castle, layout_basic

Action                   || total
-------------------------++-------
Melee: Dagger            ||    11
 Stab: Sleeping          ||     3
Armor: Robe              ||     6
Dodge: Dodged            ||    12

Table legend: (Time is in decaauts)
 A = Elapsed time spent in this place.
 B = Non-inter-level travel time spent in this place.
 C = Inter-level travel time spent in this place.
 D = Time resting spent in this place.
 E = Time spent auto-exploring this place.
 F = Levels seen in this place.
 G = Mean time per level.
                   A        B        C        D        E       F      G
               +--------+--------+--------+--------+--------+-----+--------+
         Total |    169 |    169 |      0 |      0 |    135 |   1 |  169.0 |
       Dungeon |    169 |    169 |      0 |      0 |    135 |   1 |  169.0 |
               +--------+--------+--------+--------+--------+-----+--------+

Top non-repeatable levels by time:
     D:1: 169 daAuts
